 Dungeon Crawl Stone Soup version 0.17-a0-1954-g0dddeaa (webtiles) character file.

4351 4thArraOfDagon the Cleaver (level 10, -12/94 HPs)
             Began as a Deep Dwarf Berserker on Oct 3, 2015.
             Was a Believer of Trog.
             Killed from afar by a salamander mystic (31 damage)
             ... with an orb of energy
             ... in a volcano.
             The game lasted 00:10:36 (1994 turns).

4thArraOfDagon the Cleaver (Deep Dwarf Berserker)   Turns: 1994, Time: 00:10:37

Health: -12/94     AC: 13    Str: 23    XL:     10   Next: 12%
Magic:  12/12      EV:  7    Int:  9    God:    Trog [**....]
Gold:   328        SH:  0    Dex: 12    Spells: 0 memorised, 9 levels left

rFire  . . .     SeeInvis .     m - +0 battleaxe
rCold  . . .     Clarity  .     p - +0 plate armour
rNeg   . . .     SustAt   .     (no shield)
rPois  .         Gourm    .     (no helmet)
rElec  .         Spirit   .     (no cloak)
rCorr  .         Warding  .     (no gloves)
rMut   .         Stasis   .     (no boots)
MR     +....                    (no amulet)
Stlth  ..........               (no ring)
                                k - ring of stealth

@: non-regenerating, somewhat resistant to hostile enchantments, extremely
unstealthy
A: damage resistance, recharge devices, sense surroundings 2, slow healing 3
a: Device Recharging, Burn Spellbooks, Berserk, Trog's Hand, Renounce Religion


You were in a volcano.
You worshipped Trog.
Trog was pleased with you.
You were not hungry.

You visited 2 branches of the dungeon, and saw 12 of its levels.
You also visited: Volcano.

You collected 328 gold pieces.

Inventory:

Hand weapons
 m - a +0 battleaxe (weapon)
Armour
 p - a +0 plate armour (worn)
Rods
 g - a +0 iron rod (11/11)
   (You found it on level 10 of the Dungeon)
Jewellery
 k - a ring of stealth (left hand)
 l - an uncursed ring of wizardry {unknown}
Magical devices
 c - a wand of heal wounds (3)
Scrolls
 b - 2 scrolls of remove curse
 e - a scroll of noise
 i - 3 scrolls of identify
 j - 2 scrolls of teleportation
Books
 n - a book of Geomancy

   Spells                             Type                      Level
   a - Sandblast                      Earth                        1
   b - Stoneskin                      Transmutation/Earth          2
   c - Passwall                       Transmutation/Earth          3
   d - Stone Arrow                    Conjuration/Earth            3
   e - Petrify                        Transmutation/Earth          4
   f - Lee's Rapid Deconstruction     Earth                        5
   Trog disapproves of the use of such an item.
Comestibles
 d - 2 bread rations
 f - 5 chunks of flesh
 h - 2 meat rations


   Skills:
 + Level 7.0 Fighting
 * Level 11.5 Axes
 + Level 7.9 Armour
 - Level 2.1 Dodging
 + Level 4.8 Evocations


You had 9 spell levels left.
You didn't know any spells.

Dungeon Overview and Level Annotations

Branches:
Dungeon (10/15)            Temple (0/1) D:4            Lair (0/8) D:8
    Orc (2/4) D:10

Altars:
Gozag

Shops:
D:4 %   D:7 }   D:9 [


Innate Abilities, Weirdness & Mutations

You are resistant to damage.
You can recharge devices by infusing magical energy.
You passively map the area around you.
You do not heal naturally.


Message History

You close the door.
You open the door. 3 salamanders and a salamander mystic come into view.
The salamander mystic points at you and mumbles some strange words.
The orb of energy hits you!
The orb of energy explodes!
Found a radiant altar of Vehumet.
Unknown command.
The salamander hits you from afar with a spear.
You are engulfed in flames!
The salamander mystic casts a spell at you.
The bolt of magma hits you!
* * * LOW HITPOINT WARNING * * *
The salamander completely misses you.
There is an open door here.
Unknown command.
Evoke which item? (* to show all) (? for menu, Esc to quit)
Okay, then.
The salamander mystic points at you and mumbles some strange words.
The orb of energy hits you!
You die...

≈ ≈
§§≈≈≈≈§§§≈§≈§§≈.≈§≈≈§≈≈ ≈
,§§..§...§§§.....§§≈§≈≈≈
≈≈
**######+########.≈≈≈≈≈≈≈
≈ ≈, , #.# ,, ,#.≈§≈§≈≈≈
≈ ≈ , , , #.# , #.§§≈≈≈≈≈
≈≈ , , ,#.# *, #.§≈≈≈§≈≈
≈≈ ≈ , * #.# *,,
#.§≈§§≈≈≈ ≈≈≈ ≈ * * #.#
**#.≈≈§§§ ≈ ≈ , #@# ,
§≈≈§≈≈ ≈ * *#'# * + * ≈
≈≈ ≈ , #..NN.# , * ≈≈ ≈≈
≈, ∩ #.8N8.# , , ≈ ≈ ≈ ≈
≈≈ * ,+..N..+ , ≈ ,
*#######** ≈ ≈§≈ , ≈≈≈ ≈≈
≈ ≈ ≈ ≈ ≈ ≈ ≈≈§ ≈≈≈ ≈ ≈≈
≈ ≈ ≈ ≈§≈≈≈≈


You could see a salamander mystic and 3 salamanders.

Vanquished Creatures
  An orc knight (Orc:2)
  A griffon (D:10)
  A komodo dragon (D:8)
  A fire drake (Orc:2)
  2 trolls
  A wyvern (D:8)
  6 yaks (D:9)
  3 orc warriors
  A phantom (D:10)
  An ice beast (D:10)
  An ogre (Orc:2)
  A centaur (D:8)
  2 scorpions (D:10)
  3 killer bees (D:10)
  3 orc priests
  2 hounds
  20 orc wizards
  3 worker ants
  4 adders
  An adder zombie (D:6)
  A giant gecko (D:4)
  32 orcs
  3 goblins
  A hobgoblin (D:3)
  A quokka (D:6)
  A bat (D:2)
  3 rats
100 creatures vanquished.

Notes
Turn   | Place    | Note
--------------------------------------------------------------
     0 | D:1      | 4thArraOfDagon the Deep Dwarf Berserker began the quest for the Orb.
     0 | D:1      | Reached XP level 1. HP: 20/20 MP: 1/1
    52 | D:2      | Reached XP level 2. HP: 27/27 MP: 2/2
   195 | D:4      | Found Hyelikk's Food Shoppe.
   355 | D:4      | Reached skill level 4 in Axes
   358 | D:4      | Found a staircase to the Ecumenical Temple.
   372 | D:5      | Entered Level 5 of the Dungeon
   372 | D:5      | Found an opulent altar of Gozag.
   377 | D:5      | Reached XP level 3. HP: 33/33 MP: 3/3
   454 | D:6      | Noticed an orc warrior
   464 | D:6      | Killed an orc warrior
   464 | D:6      | Reached skill level 5 in Axes
   464 | D:6      | Reached XP level 4. HP: 16/42 MP: 4/4
   465 | D:6      | Reached XP level 5. HP: 18/49 MP: 5/5
   468 | D:6      | Acquired Trog's second power
   470 | D:6      | Got an ancient spear
   490 | D:6      | Identified the cursed +0 spear of Xaebuo {elec, -Tele Str+9} (You found it on level 6 of the Dungeon)
   538 | D:8      | Noticed a komodo dragon
   550 | D:8      | Killed a komodo dragon
   550 | D:8      | Reached skill level 6 in Axes
   550 | D:8      | Reached XP level 6. HP: 57/57 MP: 6/6
   555 | D:8      | Noticed a wyvern
   574 | D:8      | Killed a wyvern
   574 | D:8      | Reached skill level 7 in Axes
   574 | D:8      | Reached XP level 7. HP: 19/64 MP: 7/7
   597 | D:7      | Found Xeust's Gadget Emporium.
   746 | D:8      | Found a staircase to the Lair.
   808 | D:9      | Noticed a troll
   847 | D:9      | Killed a troll
   847 | D:9      | Reached skill level 5 in Armour
   877 | D:8      | Noticed a centaur
   885 | D:8      | Killed a centaur
   885 | D:8      | Reached skill level 8 in Axes
   901 | D:9      | Noticed a yak
   901 | D:9      | Noticed a yak
   902 | D:9      | Noticed a yak
   903 | D:9      | Noticed a yak
   906 | D:9      | Noticed a yak
   908 | D:9      | Noticed a yak
   920 | D:9      | Killed a yak
   920 | D:9      | Reached skill level 5 in Fighting
   920 | D:9      | Reached XP level 8. HP: 68/74 MP: 8/8
   922 | D:9      | Killed a yak
   923 | D:9      | Killed a yak
   930 | D:9      | Killed a yak
   930 | D:9      | Reached skill level 9 in Axes
   933 | D:9      | Killed a yak
   934 | D:9      | Killed a yak
  1040 | D:9      | Found Soawn's Antique Armour Boutique.
  1148 | D:9      | Found Loenilue's Antique Weapon Shop.
  1177 | D:10     | Entered Level 10 of the Dungeon
  1279 | D:10     | Reached skill level 1 in Evocations
  1279 | D:10     | Gained mutation: You passively map the area around you. [Deep Dwarf growth]
  1279 | D:10     | Reached XP level 9. HP: 62/82 MP: 8/8
  1325 | D:10     | Noticed a troll
  1327 | D:10     | Noticed a griffon
  1340 | D:10     | Reached skill level 10 in Axes
  1345 | D:10     | Killed a troll
  1348 | D:10     | Killed a griffon
  1560 | D:10     | Found a staircase to the Orcish Mines.
  1569 | Orc:1    | Entered Level 1 of the Orcish Mines
  1575 | Orc:1    | Reached skill level 11 in Axes
  1672 | Orc:2    | Noticed an orc knight
  1683 | Orc:2    | Killed an orc knight
  1683 | Orc:2    | Reached XP level 10. HP: 92/92 MP: 12/12
  1829 | Orc:2    | Noticed a fire drake
  1838 | Orc:2    | Killed a fire drake
  1843 | Orc:2    | Found a dark tunnel.
  1852 | Volcano  | Entered a volcano
  1992 | Volcano  | Found a radiant altar of Vehumet.
  1992 | Volcano  | Noticed a salamander mystic
  1992 | Volcano  | Noticed a salamander
  1992 | Volcano  | Noticed a salamander
  1992 | Volcano  | Noticed a salamander
  1994 | Volcano  | Killed from afar by a salamander mystic

Vault maps used:
D:1:      dpeg_arrival_shelter
D:2:      old_standard_altar, serial_forest, infiniplex_forest_fountain,
          infiniplex_forest_diagonal, infiniplex_forest_clump_large,
          infiniplex_forest_clump_double, infiniplex_forest_lined_1, first_bread
D:3:      grunt_temple_overflow_champion_of_chaos, tso_altar, roderic_lattice_a
D:4:      minmay_temple_entry_grid, serial_shops, shop, nicolae_shop_waterfront,
          minmay_crystal_water
D:5:      lemuel_crystal_altar, basic_altar, nicolae_ru_awakened_eye,
          uniq_edmund
D:6:      grunt_temple_overflow_open
D:7:      kennysheep_mini_moat, serial_shops, shop_fountains
D:8:      lair_0_dummy, serial_glass, glass_columns_b, glass_columns_a
D:9:      lemuel_mausoleum_altar_yredelemnul, serial_shops, shop,
          kennysheep_little_box, nicolae_shop_overgrown_old_shop
D:10:     minmay_flawed_box, orc_0_dummy
Orc:2:    enter_volcano_3, nicolae_orc_flooded_monolith
Volcano:  volcano_lake

Action                   |  1- 3 |  4- 6 |  7- 9 | 10-12 || total
-------------------------+-------+-------+-------+-------++-------
Melee: Hand axe          |    47 |    27 |   178 |       ||   252
       Battleaxe         |       |       |     8 |    42 ||    50
Invok: Berserk           |     4 |     1 |    11 |     1 ||    17
       Trog's Hand       |       |     2 |    15 |     3 ||    20
 Abil: Device Recharging |       |       |     1 |       ||     1
Evoke: Wand              |       |     3 |     2 |       ||     5
  Use: Scroll            |       |     5 |     3 |       ||     8
       Potion            |       |       |     4 |       ||     4
 Stab: Sleeping          |     2 |       |       |       ||     2
  Eat: Chunk             |     2 |     1 |    17 |     4 ||    24
